PUB
KINUSO BLUES @ STOCKTON 209
07/31/1972
 
TOP OF THE 1ST
Kinuso Blues batting - Pitching for Stockton 209 : LHP Brant Kelly
Pitching: LHP Brant Kelly
Batting: LHB Ricardo Vivo 0-0: Foul Ball, location: 2F
0-1: Ball
1-1: Ball
2-1: SINGLE (Groundball, 34D, EV 100.6 MPH)
Batting: RHB Jeremy Kennedy 0-0: Called Strike
0-1: Called Strike
0-2: Ball
1-2: Foul Ball, location: 9LDF
1-2: Ball
2-2: SINGLE (Groundball, 34D, EV 97.5 MPH)
Ricardo Vivo to second
Runner from 2nd tries for 3rd, OUT! 9-5
Batting: LHB John Heller 0-0: Ball
1-0: Ball
2-0: Foul Ball, location: 2F
2-1: SINGLE (Line Drive, 78S, EV 90.6 MPH)
Jeremy Kennedy to second
Batting: RHB Juan Moreno 0-0: DOUBLE (Line Drive, 89M, EV 95.0 MPH)
Jeremy Kennedy scores
John Heller to third
Runner from 3rd tries for Home, throw by CF and OUT! 8-4-2
Batting: RHB Thurman Munson 0-0: SINGLE (Line Drive, 3L, EV 101.3 MPH)
Juan Moreno to third
Batting: RHB Manabu Azuma 0-0: Ball
1-0: Swinging Strike
1-1: Called Strike
1-2: SINGLE (Groundball, 6MD, EV 98.8 MPH)
Juan Moreno scores
Thurman Munson to second
Runner from 2nd tries for 3rd, SAFE, throw by CF made to third
Batting: RHB César Muñóz 0-0: Called Strike
0-1: Ball
1-1: Ball
2-1: Ball
3-1: Swinging Strike
3-2: Foul Ball, location: 5DF
3-2: Foul Ball, location: 2F
3-2: DOUBLE (Flyball, 8LXD, EV 100.6 MPH)
Thurman Munson scores
Manabu Azuma to third
Manabu Azuma scores
Batting: RHB Steve Powell 0-0: Ball
1-0: Swinging Strike
1-1: Swinging Strike
1-2: Foul Ball, location: 23FF
1-2: Strikes out looking
Top of the 1st over - 4 runs, 7 hits, 0 errors, 1 left on base; Kinuso 4 - Stockton 0
BOTTOM OF THE 1ST
Stockton 209 batting - Pitching for Kinuso Blues : RHP Barry Bennett
Pitching: RHP Barry Bennett
Batting: SHB Reggie Smith 0-0: Ground out 2-3 (Groundball, 13S, EV 62.5 MPH)
Batting: LHB Toyotomi Matsumoto 0-0: Ball
1-0: Swinging Strike
1-1: Ground out 6-3 (Groundball, 6, EV 90.6 MPH)
Batting: RHB Paco Ortega 0-0: SINGLE (Groundball, 4S, EV 70.0 MPH) (infield hit)
Batting: RHB Roberto Hernández 0-0: Called Strike
0-1: Ball
1-1: Ball
2-1: Swinging Strike
2-2: Foul Ball, location: 2F
2-2: Ground out 5-3 (Groundball, 25, EV 81.3 MPH)
Bottom of the 1st over - 0 runs, 1 hit, 0 errors, 1 left on base; Kinuso 4 - Stockton 0
TOP OF THE 2ND
Kinuso Blues batting - Pitching for Stockton 209 : LHP Brant Kelly
Batting: RHB Barry Bennett 0-0: Ground out 5-3 (Groundball, 5L, EV 95.6 MPH)
Batting: LHB Ricardo Vivo 0-0: Ball
1-0: Called Strike
1-1: Fly out, F9 (Flyball, 9, EV 100.0 MPH)
Batting: RHB Jeremy Kennedy 0-0: Called Strike
0-1: Ball
1-1: Ball
2-1: Fly out, F8 (Line Drive, 8RD, EV 95.6 MPH)
Top of the 2nd over - 0 runs, 0 hits, 0 errors, 0 left on base; Kinuso 4 - Stockton 0
BOTTOM OF THE 2ND
Stockton 209 batting - Pitching for Kinuso Blues : RHP Barry Bennett
Batting: SHB Peter Holt 0-0: Ball
1-0: Fly out, F9 (Flyball, 89D, EV 89.4 MPH)
Batting: RHB Sal Bando 0-0: Ball
1-0: Ball
2-0: Foul Ball, location: 9LMF
2-1: TRIPLE (Flyball, 78XD, EV 107.5 MPH)
Batting: RHB Tom Baird 0-0: Ball
1-0: Ground out 6-3 (Groundball, 6, EV 76.9 MPH)
Batting: RHB Cam Carreon 0-0: Ball
1-0: Ball
2-0: Ball
3-0: Called Strike
3-1: Base on Balls
Batting: LHB Brant Kelly 0-0: Swinging Strike
0-1: Ground out 4-3 (Groundball, 4, EV 97.5 MPH)
Bottom of the 2nd over - 0 runs, 1 hit, 0 errors, 2 left on base; Kinuso 4 - Stockton 0
TOP OF THE 3RD
Kinuso Blues batting - Pitching for Stockton 209 : LHP Brant Kelly
Batting: LHB John Heller 0-0: Fly out, F9 (Flyball, 9D, EV 95.6 MPH)
Batting: RHB Juan Moreno 0-0: Ball
1-0: Foul Ball, location: 5FF
1-1: Ball
2-1: Ground out 5-3 (Groundball, 56, EV 104.4 MPH)
Batting: RHB Thurman Munson 0-0: Ball
1-0: Ball
2-0: Called Strike
2-1: Foul Ball, location: 9LSF
2-2: Ground out 5-3 (Groundball, 56S, EV 61.3 MPH)
Top of the 3rd over - 0 runs, 0 hits, 0 errors, 0 left on base; Kinuso 4 - Stockton 0
BOTTOM OF THE 3RD
Stockton 209 batting - Pitching for Kinuso Blues : RHP Barry Bennett
Batting: SHB Reggie Smith 0-0: Swinging Strike
0-1: Swinging Strike
0-2: Strikes out looking
Batting: LHB Toyotomi Matsumoto 0-0: Ball
1-0: SINGLE (Groundball, P, EV 87.5 MPH) (infield hit)
Batting: RHB Paco Ortega 0-0: Ball
Toyotomi Matsumoto is caught stealing 2nd base 2-4
1-0: Ground out 4-3 (Groundball, 4, EV 109.4 MPH)
Bottom of the 3rd over - 0 runs, 1 hit, 0 errors, 0 left on base; Kinuso 4 - Stockton 0
TOP OF THE 4TH
Kinuso Blues batting - Pitching for Stockton 209 : LHP Brant Kelly
Batting: RHB Manabu Azuma 0-0: Ground out 4-3 (Groundball, 4M, EV 89.4 MPH)
Batting: RHB César Muñóz 0-0: Swinging Strike
0-1: Ball
1-1: Ground out U3 (Groundball, 34S, EV 71.9 MPH)
Batting: RHB Steve Powell 0-0: Ball
1-0: Ball
2-0: Called Strike
2-1: Ball
3-1: Base on Balls
Batting: RHB Barry Bennett 0-0: Ball
1-0: Ball
2-0: Ball
3-0: Called Strike
3-1: Foul Ball, location: 3FF
3-2: SINGLE (Line Drive, 6M, EV 97.5 MPH)
Steve Powell to second
Steve Powell to third
Batting: LHB Ricardo Vivo 0-0: Fielders Choice at 2nd, 6-4 (Groundball, 4M, EV 80.0 MPH)
Top of the 4th over - 0 runs, 1 hit, 0 errors, 2 left on base; Kinuso 4 - Stockton 0
BOTTOM OF THE 4TH
Stockton 209 batting - Pitching for Kinuso Blues : RHP Barry Bennett
Batting: RHB Roberto Hernández 0-0: Swinging Strike
0-1: Foul Ball, location: 25F
0-2: Ball
1-2: Foul Ball, location: 2F
1-2: Ball
2-2: Ball
3-2: Foul Ball, location: 9LSF
3-2: Strikes out swinging
Batting: SHB Peter Holt 0-0: Fly out, F7 (Flyball, 7S, EV 87.5 MPH)
Batting: RHB Sal Bando 0-0: Ball
1-0: SINGLE (Groundball, P, EV 80.6 MPH) (infield hit)
Batting: RHB Tom Baird 0-0: Ball
1-0: Ball
2-0: Fly out, F4 (Popup, 34, EV 64.4 MPH)
Bottom of the 4th over - 0 runs, 1 hit, 0 errors, 1 left on base; Kinuso 4 - Stockton 0
TOP OF THE 5TH
Kinuso Blues batting - Pitching for Stockton 209 : LHP Brant Kelly
Batting: RHB Jeremy Kennedy 0-0: Ball
1-0: Ball
2-0: Swinging Strike
2-1: Ball
3-1: Foul Ball, location: 5F
3-2: Ground out U3 (Groundball, 34S, EV 68.1 MPH)
Batting: LHB John Heller 0-0: Ball
1-0: Ball
2-0: Ball
3-0: Called Strike
3-1: Foul Ball, location: 3FF
3-2: DOUBLE (Line Drive, 9LS, EV 106.3 MPH)
Batting: RHB Juan Moreno 0-0: Ground out 5-3 (Groundball, 56, EV 86.9 MPH)
Batting: RHB Thurman Munson 0-0: Ball
1-0: Foul Ball, location: 2F
1-1: Ground out 5-3 (Groundball, 5, EV 83.1 MPH)
Top of the 5th over - 0 runs, 1 hit, 0 errors, 1 left on base; Kinuso 4 - Stockton 0
BOTTOM OF THE 5TH
Stockton 209 batting - Pitching for Kinuso Blues : RHP Barry Bennett
Batting: RHB Cam Carreon 0-0: Called Strike
0-1: Swinging Strike
0-2: Strikes out looking
Batting: LHB Brant Kelly 0-0: Ground out 2-3 (Groundball, 15S, EV 70.0 MPH)
Batting: SHB Reggie Smith 0-0: Called Strike
0-1: Ball
1-1: Ground out 6-3 (Groundball, 6, EV 101.9 MPH)
Bottom of the 5th over - 0 runs, 0 hits, 0 errors, 0 left on base; Kinuso 4 - Stockton 0
TOP OF THE 6TH
Kinuso Blues batting - Pitching for Stockton 209 : LHP Brant Kelly
Batting: RHB Manabu Azuma 0-0: Ball
1-0: Swinging Strike
1-1: Foul Ball, location: 9LDF
1-2: SOLO HOME RUN (Line Drive, 7D, EV 108.1 MPH), Distance : 382 ft
Pitching: LHP Bill Thomas
Batting: RHB César Muñóz 0-0: Ball
1-0: Foul Ball, location: 5FF
1-1: Called Strike
1-2: Ball
2-2: Strikes out swinging
Batting: RHB Steve Powell 0-0: Called Strike
0-1: Called Strike
0-2: SINGLE (Line Drive, 7LS, EV 86.9 MPH)
Batting: RHB Barry Bennett 0-0: Bunted foul
0-1: Bunted foul
0-2: Ball
1-2: Sac Bunt to P - play at first, batter OUT! 1-3
Steve Powell to second
Batting: LHB Ricardo Vivo 0-0: Fly out, F7 (Flyball, 78S, EV 96.9 MPH)
Top of the 6th over - 1 run, 2 hits, 0 errors, 1 left on base; Kinuso 5 - Stockton 0
BOTTOM OF THE 6TH
Stockton 209 batting - Pitching for Kinuso Blues : RHP Barry Bennett
Batting: LHB Toyotomi Matsumoto 0-0: DOUBLE (Line Drive, 9LM, EV 110.0 MPH)
Batting: RHB Paco Ortega 0-0: Ball
1-0: Ball
2-0: Foul Ball, location: 2F
2-1: Foul Ball, location: 3SF
2-2: 2-RUN HOME RUN (Flyball, 78XD, EV 98.8 MPH), Distance : 415 ft
Batting: RHB Roberto Hernández 0-0: Ball
1-0: Foul Ball, location: 5FF
1-1: Ball
2-1: Foul Ball, location: 9LDF
2-2: DOUBLE (Line Drive, 89D, EV 110.6 MPH)
Batting: SHB Peter Holt 0-0: Called Strike
0-1: Called Strike
0-2: Ball
1-2: Fly out, F8 (Flyball, 8LS, EV 89.4 MPH)
Batting: RHB Sal Bando 0-0: SINGLE (Groundball, 4MD, EV 103.1 MPH)
Roberto Hernández to third
Runner from 3rd tries for Home, SAFE, throw by CF to home
Batting: RHB Tom Baird 0-0: Fly out, F3 (Popup, 3, EV 81.9 MPH)
Batting: RHB Cam Carreon 0-0: Called Strike
0-1: Ball
1-1: Ball
2-1: Fielders Choice at 2nd, 6-4 (Groundball, 6, EV 79.4 MPH)
Bottom of the 6th over - 3 runs, 4 hits, 0 errors, 1 left on base; Kinuso 5 - Stockton 3
TOP OF THE 7TH
Kinuso Blues batting - Pitching for Stockton 209 : LHP Bill Thomas
Batting: RHB Jeremy Kennedy 0-0: Foul Ball, location: 2F
0-1: SOLO HOME RUN (Flyball, 7LD, EV 94.4 MPH), Distance : 357 ft
Batting: LHB John Heller 0-0: Foul Ball, location: 7LMF
0-1: Ball
1-1: Foul Ball, location: 2F
1-2: Ground out 4-3 (Groundball, 4, EV 106.9 MPH)
Batting: RHB Juan Moreno 0-0: Called Strike
0-1: Fly out, F4 (Popup, 34D, EV 42.5 MPH)
Batting: RHB Thurman Munson 0-0: Called Strike
0-1: Ball
1-1: Foul Ball, location: 23F
1-2: Foul Ball, location: 9LMFF
1-2: Ground out 5-3 (Groundball, 5, EV 84.4 MPH)
Top of the 7th over - 1 run, 1 hit, 0 errors, 0 left on base; Kinuso 6 - Stockton 3
BOTTOM OF THE 7TH
Stockton 209 batting - Pitching for Kinuso Blues : RHP Barry Bennett
Pinch Hitting: SHB William Cameron 0-0: Ball
1-0: SINGLE (Groundball, 34, EV 90.6 MPH)
Batting: SHB Reggie Smith 0-0: SINGLE (Groundball, 34D, EV 104.4 MPH)
William Cameron to second
Runner from 2nd tries for 3rd, SAFE, throw by RF made at trailing runner, OUT! 9-6
Batting: LHB Toyotomi Matsumoto 0-0: Ball
1-0: Foul Ball, location: 2F
1-1: Ball
2-1: Foul Ball, location: 23F
2-2: Ground out 4-3 (Groundball, 34, EV 85.6 MPH)
William Cameron scores
Batting: RHB Paco Ortega 0-0: Called Strike
0-1: Ball
1-1: Foul Ball, location: 7LMFF
1-2: Ball
2-2: DOUBLE (Flyball, 89D, EV 102.5 MPH)
Batting: RHB Roberto Hernández 0-0: Swinging Strike
0-1: Called Strike
0-2: Ball
1-2: Ball
2-2: Strikes out looking
Bottom of the 7th over - 1 run, 3 hits, 0 errors, 1 left on base; Kinuso 6 - Stockton 4
TOP OF THE 8TH
Kinuso Blues batting - Pitching for Stockton 209 : LHP Bill Thomas
Pitching: RHP Grant Jackson
Batting: RHB Manabu Azuma 0-0: Called Strike
0-1: Ball
1-1: Hit by Pitch
Batting: RHB César Muñóz 0-0: Called Strike
0-1: Ball
Manabu Azuma steals 2nd base
1-1: Intentional Walk
Batting: RHB Steve Powell 0-0: Ball
1-0: Bunt missed!
1-1: Sac Bunt to 5S - play at third, runner OUT! 5-6
César Muñóz to second
Pinch Hitting: SHB Ken Henderson 0-0: Called Strike
0-1: Ball
1-1: 3-RUN HOME RUN (Flyball, 78XD, EV 96.3 MPH), Distance : 393 ft
Batting: LHB Ricardo Vivo 0-0: Ball
1-0: Ball
2-0: Ball
3-0: Called Strike
3-1: Called Strike
3-2: Base on Balls
Pitching: LHP David Greene
Batting: RHB Jeremy Kennedy 0-0: Ball
1-0: Ball
2-0: Called Strike
2-1: Ball
3-1: Foul Ball, location: 2LF
3-2: Base on Balls
Ricardo Vivo to second
Batting: LHB John Heller 0-0: Ball
1-0: Swinging Strike
1-1: Ball
2-1: Foul Ball, location: 2F
2-2: Ball
3-2: Foul Ball, location: 7LSF
3-2: 3-RUN HOME RUN (Flyball, 8RXD, EV 109.4 MPH), Distance : 460 ft
Batting: RHB Juan Moreno 0-0: Swinging Strike
0-1: Ball
1-1: SOLO HOME RUN (Flyball, 7D, EV 98.1 MPH), Distance : 382 ft
Batting: RHB Thurman Munson 0-0: Called Strike
0-1: Foul Ball, location: 5F
0-2: Strikes out looking
Batting: RHB Manabu Azuma 0-0: Foul Ball, location: 9LMF
0-1: Ball
1-1: Ball
2-1: Ball
3-1: Swinging Strike
3-2: Base on Balls
Batting: RHB César Muñóz 0-0: Fly out, F9 (Flyball, 9LD, EV 110.0 MPH)
Top of the 8th over - 7 runs, 3 hits, 0 errors, 1 left on base; Kinuso 13 - Stockton 4
BOTTOM OF THE 8TH
Stockton 209 batting - Pitching for Kinuso Blues : RHP Barry Bennett
Pitching: RHP Yoshihide Ito
Batting: SHB Peter Holt 0-0: Called Strike
0-1: Ball
1-1: Ground out 4-3 (Groundball, 4M, EV 100.6 MPH)
Batting: RHB Sal Bando 0-0: Ball
1-0: Ground out 5-3 (Groundball, 56S, EV 84.4 MPH)
Batting: RHB Tom Baird 0-0: Called Strike
0-1: SINGLE (Groundball, 3S, EV 73.8 MPH) (infield hit)
Batting: RHB Cam Carreon 0-0: Ball
1-0: Foul Ball, location: 2F
1-1: Fielders Choice at 2nd, 6-4 (Groundball, 6, EV 85.6 MPH)
Bottom of the 8th over - 0 runs, 1 hit, 0 errors, 1 left on base; Kinuso 13 - Stockton 4
TOP OF THE 9TH
Kinuso Blues batting - Pitching for Stockton 209 : LHP David Greene
Batting: RHB Steve Powell 0-0: Ball
1-0: Foul Ball, location: 2F
1-1: Foul Ball, location: 2F
1-2: Strikes out swinging
Batting: SHB Yoshihide Ito 0-0: Ball
1-0: Foul Ball, location: 2F
1-1: Ball
2-1: Called Strike
2-2: Ball
3-2: Strikes out looking
Batting: LHB Ricardo Vivo 0-0: Ball
1-0: Called Strike
1-1: Called Strike
1-2: DOUBLE (Line Drive, 78D, EV 104.4 MPH)
Batting: RHB Jeremy Kennedy 0-0: Called Strike
0-1: Ball
1-1: Ball
2-1: Called Strike
2-2: Strikes out swinging
Top of the 9th over - 0 runs, 1 hit, 0 errors, 1 left on base; Kinuso 13 - Stockton 4
BOTTOM OF THE 9TH
Stockton 209 batting - Pitching for Kinuso Blues : RHP Yoshihide Ito
Pinch Hitting: LHB Rusty Staub 0-0: Ball
1-0: Called Strike
1-1: Foul Ball, location: 3SF
1-2: Ground out U3 (Groundball, 3, EV 78.1 MPH)
Batting: SHB Reggie Smith 0-0: Ball
1-0: Called Strike
1-1: Ball
2-1: Ball
3-1: Foul Ball, location: 2F
3-2: Foul Ball, location: 3FF
3-2: Base on Balls
Batting: LHB Toyotomi Matsumoto 0-0: Fly out, F8 (Flyball, 8LM, EV 74.4 MPH)
Pinch Hitting: LHB Royce Martin 0-0: Called Strike
0-1: Ball
1-1: Called Strike
1-2: Ball
2-2: Strikes out swinging
Bottom of the 9th over - 0 runs, 0 hits, 0 errors, 1 left on base; Kinuso 13 - Stockton 4
Wednesday, April 17th , 2024 - OOTP Baseball 24.8 Build 75